 Dungeon Sprint DCSS version bcrawl-1.15.1-4-g77d781cab4 (webtiles) character file.

Game seed: 11603019171781129576

423 Groucho the Unseen (level 6, -5/26 (28) HPs)
             Began as a Spriggan Enchanter on Oct 7, 2019.
             Slain by a tyrant leech (31 damage)
             ... in the Dungeon (Sprint II: "The Violet Keep of Menkaure").
             The game lasted 00:05:01 (352 turns).

Groucho the Unseen (Spriggan Enchanter)              Turns: 352, Time: 00:05:02

HP:   -5/26 (28)    AC:  2    Str:  4    XL:     6   Next: 63%
MP:   16/19         EV: 18    Int: 18    God:
Gold: 133           SH:  0    Dex: 17    Spells: 11/23 levels left

rFire    . . .     SeeInvis +   a - +1 dagger
rCold    . . .     Gourm    .   (shield restricted)
rNeg     . . .     Faith    .   b - +0 robe
rPois    .         Spirit   .   (helmet restricted)
rElec    .         Reflect  .   (no cloak)
rCorr    .         Harm     .   (gloves unavailable)
MR       +....     NoTele   +   (boots unavailable)
Stlth    ++++++....             (no amulet)
HPRegen  0.08/turn              (no ring)
MPRegen  0.16/turn              (no ring)

@: very quick
A: very small, unfitting armour, see invisible, herbivore, speed 3, slow
metabolism 2
a: no special abilities


You were in the Dungeon.
You were not hungry.

You visited 1 branch You collected 243 gold pieces.
You spent 110 gold pieces at shops.

Inventory:

Hand Weapons
 a - a +1 dagger (weapon)
Armour
 b - a +0 robe (worn)
Scrolls
 d - a scroll of fog
Potions
 c - a potion of invisibility
 e - a potion of curing
 g - a potion of flight
 i - a potion of magic
Comestibles
 f - a ration {!d}


   Skills:
 * Level 0.0 Fighting
 * Level 1.2 Short Blades
 * Level 3.0 Dodging
 * Level 15.4 Stealth
 + Level 9.0 Spellcasting
 + Level 9.3 Hexes


You had 11 spell levels left.
You knew the following spells:

 Your Spells              Type           Power        Failure   Level  Hunger
a - Corona                Hex            #####..      1%          1    None
b - Ensorcelled Hibernat  Hex/Ice        ####..       1%          2    None
c - Confuse               Hex            #####...     1%          3    None
d - Dazzling Spray        Conj/Hex       ####..       3%          3    None
e - Tukima's Dance        Hex            #####...     1%          3    None

Your spell library contained the following spells:

 Spells                   Type           Power        Failure   Level  Hunger


Dungeon Overview and Level Annotations

Branches:
Dungeon (1/1)

Altars:

Shops:
D :=*!?:%[=[(*}!}=

Annotations:
D exclusion: oklob plant


Innate Abilities, Weirdness & Mutations

You are very small and have problems with some larger weapons.
You are too small for most types of armour.
You have supernaturally acute eyesight. (SInv)
You are a herbivore.
You cover ground extremely quickly.
You need to consume almost no food.


Message History

You enter the shallow water.
Moving in this stuff is going to be slow.
There is an open door here.
You see here a necrophage corpse.
There is an open door, spattered with blood here.
Things that are here:
a necrophage corpse; a crocodile skeleton x2
There is a staircase leading out of the dungeon here.
You open the door. 2 tyrant leeches come into view.
Found 243 gold pieces.
Casting: Confuse (safe; 1% risk of failure)
Confirm with . or Enter, or press ? or * to list all spells.
Aiming: Confuse (safe; 1% risk of failure)
Press: ? - help, Shift-Dir - straight line, f - tyrant leech
Aim: a tyrant leech (hasn't noticed you, chance to defeat MR: 50%)
The tyrant leech resists with some effort.
The tyrant leech bites you!!
Ouch! That really hurt!
You die...

#########≈≈#++
########≈≈≈...
....∩.∩#≈≈≈≈.#
...∩.∩.#≈≈≈≈##
..∩.∩..#≈≈≈≈#
.∩.∩...#≈≈### #
⌠.∩....#≈##.###+# .##
.∩.∩...#≈#..†##.##w.$#
..∩.∩..'≈'##.†.<@w#
...∩.∩.#≈#...##.##...#
▓▓▓▓▓###≈##.###+# .##
YY######≈≈### #


YG#D$ ##≈≈≈# P!+[$# +#≈# ?$#$##≈ ≈≈# $.###§§ ≈≈≈ +# ++# You could see 2 tyrant
leeches.

Vanquished Creatures
  4 necrophages (D)
  2 crocodiles (D)
6 creatures vanquished.

Vanquished Creatures (others)
  Menkaure (D)
1 creature vanquished.

Grand Total: 7 creatures vanquished

Notes
Turn   | Place    | Note
-------+----------+-------------------------------------------
     0 | D        | Groucho the Spriggan Enchanter began the quest for the Orb.
     0 | D        | Reached XP level 1. HP: 9/9 MP: 5/5
     1 | D        | Noticed a necrophage
     1 | D        | Noticed a necrophage
     1 | D        | Noticed a necrophage
     1 | D        | Noticed a necrophage
     9 | D        | Killed a necrophage
     9 | D        | Reached skill level 10 in Stealth
     9 | D        | Reached skill level 5 in Spellcasting
     9 | D        | Reached XP level 2. HP: 13/13 MP: 5/9
     9 | D        | Reached XP level 3. HP: 16/16 MP: 6/11
     9 | D        | Reached XP level 4. HP: 21/21 MP: 6/12
    41 | D        | Found Cistic's Antique Armour Shoppe.
    41 | D        | Found Yvyomul's General Store.
    41 | D        | Found Juinluoh's Distillery.
    41 | D        | Found Seusua's Food Emporium.
    41 | D        | Found Xupsuniu's Jewellery Shoppe.
    41 | D        | Found Iluujiow's Antique Weapon Emporium.
    42 | D        | Found Efaceq's Gadget Emporium.
    42 | D        | Found Xiggy's Antique Armour Shoppe.
    42 | D        | Found Efrasarch's Jewellery Emporium.
    42 | D        | Found Apadoq's Magic Scroll Shoppe.
    42 | D        | Found Kuffa's Distillery.
    43 | D        | Found Rouhyri's General Store.
    43 | D        | Found Baykkeni's Jewellery Emporium.
    43 | D        | Noticed a yak
    43 | D        | Noticed a crocodile
    44 | D        | Found Xepuz's Gadget Shoppe.
    44 | D        | Found Nucytym's Book Emporium.
    45 | D        | Noticed a crocodile
    45 | D        | Noticed a yak
    45 | D        | Noticed a yak
    45 | D        | Noticed an oklob plant
    46 | D        | Found Liwudygg's Book Shoppe.
    48 | D        | Noticed a great orb of eyes
    50 | D        | Noticed an ice dragon
    57 | D        | Learned a level 2 spell: Ensorcelled Hibernation
    61 | D        | Learned a level 3 spell: Confuse
    90 | D        | Killed a crocodile
    90 | D        | Reached skill level 12 in Stealth
    90 | D        | Reached XP level 5. HP: 23/23 MP: 2/15
    92 | D        | Killed a crocodile
   109 | D        | Killed a necrophage
   109 | D        | Reached skill level 13 in Stealth
   110 | D        | Killed a necrophage
   110 | D        | Reached skill level 14 in Stealth
   110 | D        | Reached XP level 6. HP: 17/26 MP: 9/18
   127 | D        | Killed Menkaure
   139 | D        | Reached skill level 15 in Stealth
   289 | D        | Learned a level 3 spell: Dazzling Spray
   293 | D        | Learned a level 3 spell: Tukima's Dance
   324 | D        | Bought a potion of invisibility for 80 gold pieces
   330 | D        | Bought a potion of flight for 30 gold pieces
   351 | D        | Noticed a tyrant leech
   351 | D        | Noticed a tyrant leech
   352 | D        | Slain by a tyrant leech

Skill      XL: |  1  2  3  4  5  6 |
---------------+-------------------+-----
Stealth        | 10 12 14 15 | 15.4
Spellcasting   | 5 6 8 9 |  9.0
Hexes          | 6 7 8 9 |  9.3
Short Blades   | |  1.2
Dodging        | |  3.0

Action                   |  1- 3 |  4- 6 || total
-------------------------+-------+-------++-------
Melee: Dagger            |     6 |    36 ||    42
 Cast: Confuse           |       |     8 ||     8
       Ensorcelled Hiber |       |     2 ||     2
  Use: Potion            |     1 |     3 ||     4
       Scroll            |       |     1 ||     1
 Stab: Sleeping          |       |     2 ||     2
       Confused          |       |     3 ||     3
Armor: Robe              |       |     1 ||     1
Dodge: Dodged            |     2 |    25 ||    27
